Unix NetHack Version 5.0.0-0 post-release - last build Jun 10 2026 00:39:30 (3ee93aec679c4c4259841fe613dc97188e26a321,branch:main).

Game began 2026-07-06 15:27:11, ended 2026-07-06 16:10:10.

ARFwashere, neutral male human Tourist

                           #                            ------
   ----------          #   #           ##----------    #.....|
   |.........     ------.--.-----    ####|........-#####|....|          ----
   |........|  %  |.............|  ###  #|........|     |....|          |..|
   |........-###  |..............##0    0........>|    #-....|        ##...|
   --|-------  # #|.............|    ####|.......)|    #|.....######### ----
     #         ###|.............|    #  #-------|--##  #|....|#
     #           #....<.........|    #  0###   #########------#
     #           #------------.--  ##########  ##  #          #
     #                       ##%######     ##  #   #          #
 ----.-------                      #       #      ##          #
 |...........##                          --.----  #           #
 |..........| #######0 - ---------#      |.....|  #######  ####
 |..........|        ##|......[...#     #+.....|###     #  #------------
 ------------         #|.........|#######|...F.|#       ####|..........|
                      #|..........#   ###....F.q@          #...........|
                      #-----------#####  -------            |..........|
                      #############                         |...>......|
   $                                                        ------------

ARFwashere the Sightseer    St:16 Dx:13 Co:16 In:12 Wi:7 Ch:16  Neutral
Dlvl:4  $:4339 HP:0(28) Pw:16(16) AC:1  Xp:5 T:3933  Burdened

Latest messages:
 You hit the rock with all your might.
 You succeed in cutting away some rock.
 You start digging.
 You hit the rock with all your might.
 You succeed in cutting away some rock.
 You are beginning to feel weak.
 What do you want to wield? [- aesXY or ?*] a
 a - a runed dagger named Sting (weapon in left hand).
 What do you want to eat? [bcCI or ?*] ?
 This food really hits the spot!
 You finish eating the food ration.
 You kill the fox!
 You see here a bubbly potion.
 You have a little trouble lifting B - a bubbly potion.
 You swap places with your large cat.
 You swap places with your large cat.
 You find a hidden door.
 In what direction? h
 This door is locked.
 Unlock it with your key? [ynq] (q) y
 You succeed in unlocking the door.
 In what direction? h
 The door opens.
 The rothe hits!
 The rothe misses!
 The rothe just misses!
 You miss the rothe.
 You hit the rothe.
 You miss the rothe.
 The rothe hits!
 The rothe misses!
 The rothe misses!
 The rothe hits!
 The rothe misses!
 The rothe bites!
 You hit the rothe.
 The rothe hits!
 The rothe misses!
 The rothe just misses!
 You miss the rothe.
 The rothe hits!
 The rothe bites!
 The rothe bites again!
 You miss the rothe.
 The rothe hits!
 The rothe bites!
 The rothe bites again!
 You die...
 Do you want your possessions identified? [ynq] (y) y
 Do you want to see your attributes? [ynq] (y) q

Inventory:
 Coins    ('$')
  $ - 4339 gold pieces
 Weapons  (')')
  s - 18 +2 darts (at the ready)
  X - 18 +0 darts
  Y - a blessed +0 dagger
  a - the +0 Sting (weapon in left hand)
 Armor    ('[')
  V - a blessed +0 dwarvish iron helm (being worn)
  d - an uncursed +0 pair of iron shoes (being worn)
  J - an uncursed +0 shield of reflection (being worn)
  Z - an uncursed +0 dwarvish cloak (being worn)
  i - an uncursed +0 Hawaiian shirt with a water nymph motif (being worn)
  D - an uncursed +0 studded leather armor (being worn)
 Comestibles  ('%')
  b - 5 uncursed food rations
  I - an uncursed lembas wafer
  c - an uncursed tripe ration
  C - an uncursed tripe ration
 Scrolls  ('?')
  m - an uncursed scroll of amnesia
  f - an uncursed scroll of confuse monster
  z - an uncursed scroll of destroy armor
  S - an uncursed scroll of enchant armor
  u - 2 uncursed scrolls of enchant weapon
  r - 2 uncursed scrolls of light
  h - 4 uncursed scrolls of magic mapping
  F - an uncursed scroll of punishment
  K - an uncursed scroll of taming
 Potions  ('!')
  g - 2 uncursed potions of extra healing
  x - a cursed potion of healing
  B - a cursed potion of invisibility
  n - a blessed potion of paralysis
  y - an uncursed potion of water
 Wands    ('/')
  H - a wand of cancellation (0:8)
  q - a blessed wand of digging (0:5)
  t - a wand of magic missile (0:5)
  N - a wand of teleportation (0:2)
 Tools    ('(')
  l - an uncursed brass lantern
  T - an uncursed credit card
  j - an expensive camera (0:85)
  p - a magic marker (0:39)
  w - an uncursed magic whistle
  e - a +0 pick-axe
  k - an uncursed skeleton key
  R - an uncursed tallow candle
  o - a cursed tallow candle

ARFwashere the Tourist's attributes:

Background:
 You were a Sightseer, a level 5 male human Tourist.
 You were neutral, nominally on a mission for The Lady
 who was opposed by Blind Io (lawful) and Offler (chaotic).
 You were left-handed.
 You were in the Dungeons of Doom, on level 4.
 You entered the dungeon 3933 turns ago.
 You had 248 experience points, 72 more were needed to attain level 6.

Basics:
 You had 0 out of 28 hit points.
 You had all 16 energy points (spell power).
 Your armor class was 1.
 Your wallet contained 4339 zorkmids.
 Autopickup was on for '$' plus thrown.

Final Characteristics:
 Your strength was 16 (limit:18/100).
 Your dexterity was 13 (limit:18).
 Your constitution was 16 (limit:18).
 Your intelligence was 12 (limit:18).
 Your wisdom was 7 (limit:18).
 Your charisma was 16 (limit:18).

Final Status:
 You weren't hungry.
 You were burdened; movement was slightly slowed.
 You were wielding a dagger.
 You had basic skill with dagger.

Final Attributes:
 You were piously aligned.
 Your items were somewhat protected from fire.
 Your items were somewhat protected from cold.
 You were telepathic.
 You were aware of the presence of orcs.
 You were warded.
 You had reflection.
 You are dead.

Miscellaneous:
 You didn't encounter any bones levels.
 Total elapsed playing time was 42 minutes and 59 seconds.

Major events:
 Turn
    1: ARFwashere the neutral male human Tourist entered the dungeon
  961: attained the rank of Sightseer (level 3)
 1835: entered the Gnomish Mines
 2485: chose a runed dagger to be named "Sting"
 3933: killed by a rothe

You didn't know any spells.

Skills:
 Fighting Skills
   bare handed combat [Unskilled]
   two weapon combat  [Unskilled]
   riding             [Unskilled]
 Weapon Skills
   dagger             [Basic]
   knife              [Unskilled]
   axe                [Unskilled]
   pick-axe           [Unskilled]
   short sword        [Unskilled]
   broadsword         [Unskilled]
   long sword         [Unskilled]
   two-handed sword   [Unskilled]
   saber              [Unskilled]
   mace               [Unskilled]
   morning star       [Unskilled]
   flail              [Unskilled]
   hammer             [Unskilled]
   quarterstaff       [Unskilled]
   polearms           [Unskilled]
   spear              [Unskilled]
   trident            [Unskilled]
   lance              [Unskilled]
   bow                [Unskilled]
   sling              [Unskilled]
   crossbow           [Unskilled]
   dart               [Basic]
   shuriken           [Unskilled]
   boomerang          [Unskilled]
   whip               [Unskilled]
   unicorn horn       [Unskilled]
 Spellcasting Skills
   divination spells  [Unskilled]
   enchantment spells [Unskilled]
   escape spells      [Unskilled]

Voluntary challenges:
 Character rerolling was not enabled.
 You were an atheist.
 You never genocided any monsters.
 You never polymorphed an object.
 You never changed form.
 You used no wishes.
Achievements:
 You attained the rank of Sightseer.
 You entered a shop.
 You entered the Gnomish Mines.

 The Dungeons of Doom: levels 1 to 6
    Level 1:
       A tree.
    Level 2:
       A fountain.
    Level 3:
       A general store, a fountain.
    Level 4: <- You were here.
       Stairs down to The Gnomish Mines.
       Final resting place for
          you, killed by a rothe.
    Level 5:
    Level 6:
 The Gnomish Mines: levels 5 to 6
    Level 5:
    Level 6:


Vanquished creatures:
  a rock mole
  a shrieker
  a gnome leader
  a gnomish wizard
  a little dog
  2 floating eyes
  a kitten
  5 dwarves
  2 homunculi
 an orc zombie
  a wererat
  2 acid blobs
  a gas spore
  2 hobbits
  3 giant rats
  6 cave spiders
  4 yellow molds
 15 gnomes
  a gnome zombie
  a gecko
  8 jackals
  2 foxes
  a kobold
  2 goblins
  2 sewer rats
 11 grid bugs
  3 lichens
  4 kobold zombies
  a newt
86 creatures vanquished.

No species were genocided or became extinct.

Game over:
                       ----------
                      /          \
                     /    REST    \
                    /      IN      \
                   /     PEACE      \
                  /                  \
                  |    ARFwashere    |
                  |     4339 Au      |
                  |   killed by a    |
                  |      rothe       |
                  |                  |
                  |                  |
                  |       2026       |
                 *|     *  *  *      | *
        _________)/\\_//(\/(/\)/\//\/|_)_______

Aloha ARFwashere the Tourist...

You died in The Dungeons of Doom on dungeon level 4 with 4954 points,
and 4339 pieces of gold, after 3933 moves.
You were level 5 with a maximum of 28 hit points when you died.

